 Dungeon Crawl Stone Soup version 0.27.0-1-g7a089689b8 (webtiles) character file.

Game seed: 11745767435774383286

27 Kinoniko the Cutter (level 3, 0/24 HPs)
             Began as a Kobold Berserker on Aug 10, 2021.
             Was a Follower of Trog.
             Slain by a hobgoblin (2 damage)
             ... on level 1 of the Dungeon.
             The game lasted 00:00:39 (692 turns).

Kinoniko the Cutter (Kobold Berserker)               Turns: 692, Time: 00:00:40

Health: 0/24       AC:  2    Str: 14    XL:     3   Next: 25%
Magic:  3/3        EV: 15    Int:  8    God:    Trog [*.....]
Gold:   11         SH:  0    Dex: 15    Spells: 2/2 levels left

rFire    . . .     SeeInvis .   a - +0 short sword
rCold    . . .     Faith    .   (shield restricted)
rNeg     . . .     Spirit   .   b - +0 animal skin
rPois    .         Reflect  .   (no helmet)
rElec    .         Harm     .   (no cloak)
rCorr    .         Rampage  .   (no gloves)
Will     .....                  (no boots)
Stlth    ++........             (no amulet)
HPRegen  0.08/turn              (no ring)
MPRegen  0.08/turn              (no ring)

@: no status effects
A: small, no large weapons, nightstalker 3
a: Renounce Religion, Berserk


You were on level 1 of the Dungeon.
You worshipped Trog.
Trog was aware of your devotion.
You visited 1 branch of the dungeon, and saw 1 of its levels.

You collected 11 gold pieces.

Inventory:

Hand Weapons
 a - a +0 short sword (weapon)
Armour
 b - a +0 animal skin (worn)
Scrolls
 c - a scroll of identify {unknown}


   Skills:
 - Level 3.6 Fighting
 * Level 4.8 Short Blades
 - Level 1.6 Armour
 + Level 2.7 Dodging
 - Level 0.2 Stealth


You had 2 spell levels left.
You didn't know any spells.
Your spell library was empty.

Dungeon Overview and Level Annotations

Branches:
Dungeon (1/15)

Altars:


Innate Abilities, Weirdness & Mutations

You are small and have problems with some larger weapons.
You are completely attuned to the shadows.


Message History

You hit the kobold.
You kill the kobold!
Trog accepts your kill.
An endoplasm comes into view.
A hobgoblin comes into view.
You hit the ball python.
The ball python is moderately wounded.
The ball python barely misses you. The ball python grabs you.
The ball python constricts you.
You hit the ball python.
You kill the ball python!
Trog accepts your kill. The endoplasm hits you.
The hobgoblin barely misses you.
You see here a ball python corpse.
You hit the endoplasm.
The endoplasm is severely wounded.
The endoplasm misses you. The hobgoblin misses you.
You completely miss the endoplasm.
The endoplasm is severely wounded.
The endoplasm misses you. The hobgoblin hits you.
There are monsters nearby!
There are monsters nearby!
Unknown command.
You hit the endoplasm but do no damage.
The endoplasm is severely wounded.
The endoplasm freezes you.
You are frozen.
The hobgoblin hits you.
You are too injured to fight recklessly!
You are too injured to fight recklessly!
You are too injured to fight recklessly!
You fail to use your ability.
The endoplasm freezes you.
You are frozen.
The hobgoblin hits you.
* * * LOW HITPOINT WARNING * * *
You hit the endoplasm.
You kill the endoplasm!
Trog accepts your kill. The hobgoblin hits you.
* * * LOW HITPOINT WARNING * * *
The hobgoblin hits you.
You die...

....... ....÷÷.
.>..#÷. ....#÷.
......... .......
.......... .......
..........≈ ⌠⌠...
..........≈. .≈...
....@g....≈P .⌠...
.....†....≈. .⌠...
.....)....≈.# .P...
#######.#.≈......⌠...
#.#.≈⌠≈⌠⌠⌠≈....
#.#............
#.).#..........
#......# .#...
######.# #.#.


You could see a hobgoblin.

Vanquished Creatures
  A dart slug (D:1)
  2 endoplasms (D:1)
  4 giant cockroaches (D:1)
  A hobgoblin (D:1)
  4 jackals (D:1)
  A kobold (D:1)
  3 ball pythons (D:1)
  A frilled lizard (D:1)
  2 goblins (D:1)
  2 rats (D:1)
21 creatures vanquished.

Vanquished Creatures (others)
  A fungus (D:1)
1 creature vanquished.

Grand Total: 22 creatures vanquished

Notes
Turn   | Place    | Note
-------+----------+-------------------------------------------
     0 | D:1      | Kinoniko the Kobold Berserker began the quest for the Orb.
     0 | D:1      | Reached XP level 1. HP: 14/14 MP: 1/1
    68 | D:1      | Reached XP level 2. HP: 15/19 MP: 2/2
   401 | D:1      | Reached XP level 3. HP: 10/24 MP: 3/3
   692 | D:1      | Slain by a hobgoblin

Illustrated notes

Levels and vault maps discovered:
D:1:      dpeg_arrival_orchard, layout_basic,
          shapermc_ecumenical_altar_acropolis, minmay_worlds_worst_comb

Action                   || total
-------------------------++-------
Melee: Short sword       ||    49
Invok: Berserk           ||     1
 Stab: Sleeping          ||     5
Armor: Animal skin       ||     6
Dodge: Dodged            ||    35
